 Dungeon Sprint DCSS version 0.27-a0-1513-g2aaa0cc67b (webtiles) character file.

Game seed: 11284365190448384974

104 mhtbhm the Skirmisher (level 4, -6/45 HPs)
             Began as a Minotaur Fighter on July 9, 2021.
             Mangled by Sigmund (10 damage)
             ... in the Dungeon (Sprint I: "Red Sonja").
             The game lasted 00:00:17 (212 turns).

mhtbhm the Skirmisher (Minotaur Fighter)             Turns: 212, Time: 00:00:18

Health: -6/45      AC:  7    Str: 21    XL:     4   Next: 52%
Magic:  3/3        EV:  8    Int:  5    God:
Gold:   54         SH:  0    Dex: 10    Spells: 3/3 levels left

rFire    . . .     SeeInvis .   a - +0 trident
rCold    . . .     Faith    .   c - +0 kite shield
rNeg     . . .     Spirit   .   b - +0 scale mail
rPois    .         Reflect  .   (helmet restricted)
rElec    .         Harm     .   (no cloak)
rCorr    .         Rampage  .   (no gloves)
Will     .....     NoTele   +   (no boots)
Stlth    ..........             (no amulet)
HPRegen  0.15/turn              (no ring)
MPRegen  0.08/turn              (no ring)

@: confused, on berserk cooldown, slowed, very slow
A: horns 2, retaliatory headbutt
a: no special abilities


You were in the Dungeon.
You visited 1 branch You collected 54 gold pieces.

Inventory:

Hand Weapons
 a - a +0 trident (weapon)
Armour
 b - a +0 scale mail (worn)
 c - a +0 kite shield (worn)
Scrolls
 j - a scroll of blinking
Potions
 d - a potion of might
 f - a potion of heal wounds
 g - a potion of haste
 h - 2 potions of magic


   Skills:
 + Level 6.8 Fighting
 + Level 5.0 Polearms
 + Level 6.7 Armour
 + Level 0.4 Dodging
 + Level 6.6 Shields


You had 3 spell levels left.
You didn't know any spells.
Your spell library was empty.

Dungeon Overview and Level Annotations

Branches:
Dungeon (1/1)

Altars:

Annotations:
D Sigmund


Innate Abilities, Weirdness & Mutations

You have a pair of horns on your head.
You reflexively headbutt those who attack you in melee.


Message History

There is an open door, spattered with blood here.
Sigmund closely misses you.
You're too confused to move!
Sigmund gestures at you while chanting. You resist with some effort.
You bump into the stone wall.
Sigmund hits you from afar with a +0 scythe!
You bump into the stone wall.
You feel less confused. You block Sigmund's attack.
Sigmund hits you from afar with a +0 scythe.
Sigmund mumbles some strange words.
Sigmund flickers and vanishes!
Deactivating autopickup; reactivate with Ctrl-A.
There is an open door, spattered with blood here.
A red film seems to cover your vision as you go berserk!
You feel yourself moving faster!
You feel mighty! Something completely misses you.
You closely miss something. Something hits you but does no damage.
You closely miss something. Your headbutt misses something. You hit something.
You hear some strange, mumbled words.
You are confused.
You bump into the rock wall.
You hear some strange, mumbled words.
You are more confused.
You bump into the rock wall.
You feel a strong urge to attack something.
Something hits you!
You are no longer berserk.
You are exhausted.
You feel yourself slow down.
There is an open door here.
You bump into the rock wall.
Something hits you!
* * * LOW HITPOINT WARNING * * *
Something hits you!
* * * LOW HITPOINT WARNING * * *
You bump into the rock wall.
Something hits you but does no damage.
You bump into the rock wall.
Something hits you!
You die...

#############
#<.#..)..#..+
#..').#..'{.#
#..#####@####
#..# #..#
#..# ####
#..# #⌠⌠#
####


There were no monsters in sight!

Vanquished Creatures
  An ogre (D)
  Ijyb (D)
2 creatures vanquished.

Notes
Turn   | Place    | Note
-------+----------+-------------------------------------------
     0 | D        | mhtbhm the Minotaur Fighter began the quest for the Orb.
     0 | D        | Reached XP level 1. HP: 19/19 MP: 0/0
     2 | D        | Noticed Ijyb
     8 | D        | Killed Ijyb
     9 | D        | Reached skill level 5 in Fighting
     9 | D        | Reached skill level 5 in Armour
     9 | D        | Reached skill level 5 in Shields
     9 | D        | Reached XP level 2. HP: 28/29 MP: 1/1
    17 | D        | Noticed an ogre
    21 | D        | Killed an ogre
    22 | D        | Reached skill level 5 in Polearms
    22 | D        | Reached XP level 3. HP: 18/38 MP: 2/2
    22 | D        | Reached XP level 4. HP: 21/45 MP: 3/3
   192 | D        | Noticed Sigmund
   212 | D        | Mangled by Sigmund

Illustrated notes

Levels and vault maps discovered:
D:        dungeon_sprint_1 [red_sonja_temple_1, red_sonja_temple_small_1]

Skill      XL: |  1  2 |
---------------+-------+-----
Fighting       | 5 6 |  6.8
Polearms       | 3 5 |  5.0
Armour         | 5 6 |  6.7
Shields        | 5 6 |  6.6
Dodging        | |  0.4

Action                   |  1- 3 |  4- 6 || total
-------------------------+-------+-------++-------
Melee: Trident           |     9 |     5 ||    14
       Headbutt          |     3 |       ||     3
  Use: Potion            |       |     2 ||     2
Armor: Scale mail        |     1 |     2 ||     3
Dodge: Dodged            |     3 |     2 ||     5
Block: Kite shield       |     1 |     2 ||     3

Table legend: (Time is in decaauts)
 A = Elapsed time spent in this place.
 B = Non-inter-level travel time spent in this place.
 C = Inter-level travel time spent in this place.
 D = Time resting spent in this place.
 E = Time spent auto-exploring this place.
 F = Levels seen in this place.
 G = Mean time per level.
                   A        B        C        D        E       F      G
               +--------+--------+--------+--------+--------+-----+--------+
         Total |    215 |    215 |      0 |    162 |      0 |   1 |  215.0 |
       Dungeon |    215 |    215 |      0 |    162 |      0 |   1 |  215.0 |
               +--------+--------+--------+--------+--------+-----+--------+

Top non-repeatable levels by time:
       D: 215 daAuts
